 Dungeon Crawl Stone Soup version 0.24-a0-375-g4de66ed42b (webtiles) character file.

Game seed: 8856618494813542862

1619 HAL9000 the Slicer (level 8, -2/38 HPs)
             Began as a Vine Stalker Assassin on May 31, 2019.
             Was a Believer of Dithmenos.
             Slain by an orc warrior
             ... wielding a +4 halberd
              (19 damage)
             ... on level 7 of the Dungeon.
             The game lasted 00:12:02 (6697 turns).

HAL9000 the Slicer (Vine Stalker Assassin)          Turns: 6697, Time: 00:12:04

Health: -2/38      AC:  5    Str: 15    XL:     8   Next: 96%
Magic:  0/9        EV: 11    Int: 11    God:    Dithmenos [**....]
Gold:   318        SH:  0    Dex: 17    Spells: 4/7 levels left

rFire    + . .     SeeInvis .   a - +2 dagger
rCold    . . .     Gourm    .   (no shield)
rNeg     . . .     Faith    .   o - +0 leather armour
rPois    .         Spirit   +   (no helmet)
rElec    .         Reflect  .   c - +1 cloak
rCorr    .         Harm     +   (no gloves)
MR       +....                  (no boots)
Stlth    ++++......             b - amulet of harm
HPRegen  0.52/turn              m - ring of protection from fire
MPRegen  0.11/turn              (no ring)

@: wreathed by umbra
A: fangs 3, regeneration 1, magic shield, antimagic bite, no potion heal 3, rot
immunity
a: Shadow Step, Renounce Religion


You were on level 7 of the Dungeon.
You worshipped Dithmenos.
Dithmenos was pleased with you.
You were not hungry.

You visited 2 branches of the dungeon, and saw 8 of its levels.

You collected 318 gold pieces.

Inventory:

Hand Weapons
 a - a +2 dagger (weapon)
Missiles
 d - 47 poisoned darts (quivered)
 e - 2 curare-tipped darts
 D - 3 boomerangs
Armour
 c - a +1 cloak (worn)
 o - a +0 leather armour (worn)
Jewellery
 b - an amulet of harm (around neck)
 m - a ring of protection from fire (left hand)
Wands
 w - a wand of digging (6)
 x - a wand of paralysis (6)
 A - a wand of enslavement (10)
Scrolls
 g - 2 scrolls of blinking {unknown}
 h - 4 scrolls of teleportation
 i - 4 scrolls of enchant armour
 l - 4 scrolls of identify {unknown}
 q - 2 scrolls of magic mapping {unknown}
 s - a scroll of amnesia {unknown}
 v - 2 scrolls of remove curse {unknown}
 y - 2 scrolls of random uselessness {unknown}
 z - a scroll of immolation {unknown}
 B - a scroll of fear {unknown}
Potions
 j - 4 potions of curing {unknown}
 k - a potion of cancellation {unknown}
 n - 3 potions of heal wounds {unknown}
 p - a potion of might {unknown}
 r - 3 potions of degeneration {unknown}
 t - a potion of haste {unknown}
 u - a potion of lignification {unknown}
Comestibles
 f - 12 rations


   Skills:
 - Level 1.7 Fighting
 + Level 10.2 Short Blades
 - Level 1.7 Throwing
 - Level 0.7 Dodging
 - Level 4.8 Stealth


You had 4 spell levels left.
You knew the following spells:

 Your Spells              Type           Power        Failure   Level  Hunger
a - Confuse               Hex            #.......     78%         3    ####...

Your spell library contained the following spells:

 Spells                   Type           Power        Failure   Level  Hunger
 Confusing Touch          Hex            #.....       41%         1    ##.....
 Gell's Gravitas          Tloc           #.........   78%         3    ####...
 Recall                   Summ/Tloc      N/A          78%         3    ####...
 Animate Dead             Necr           N/A          99%         4    #####..
 Petrify                  Tmut/Erth      #.......     99%         4    #####..
 Borgnjor's Vile Clutch   Necr/Erth      #.........   100%        5    ######.
 Metabolic Englaciation   Hex/Ice        #.........   100%        5    ######.
 Yara's Violent Unravell  Hex/Tmut       #.........   100%        5    ######.
 Death Channel            Necr           #.........   100%        6    #######
 Simulacrum               Ice/Necr       #.........   100%        6    #######


Dungeon Overview and Level Annotations

Branches:
Dungeon (7/15)             Temple (1/1) D:4

Altars:
Ashenzari
Cheibriados
Dithmenos
Elyvilon
Fedhas
Hepliaklqana
Kikubaaqudgha
Makhleb
Nemelex Xobeh
Qazlal
Ru
Sif Muna
Trog
Uskayaw
Vehumet
Wu Jian
Xom
Yredelemnul
Zin
The Shining One


Innate Abilities, Weirdness & Mutations

You have razor-sharp teeth.
Your natural rate of healing is unusually fast.
When hurt, damage is shared between your health and your magic reserves.
Your bite disrupts and absorbs the magic of your enemies.
Potions cannot restore your health.
You are immune to rotting.


Message History

Unknown command.
You hit the orc priest.
You bite the orc priest, but do no damage.
The orc priest is heavily wounded.
The orc wizard barely misses you. The orc barely misses you.
You hit the orc priest but do no damage.
You bite the orc priest. You drain its power.
You feel invigorated.
The orc priest is severely wounded.
The orc priest hits you but does no damage.
You hit the orc priest. Your bite misses the orc priest.
The orc priest is almost dead.
The orc priest mumbles some strange prayers to Beogh against you.
Beogh smites you! The orc wizard barely misses you. The orc closely misses you.
You hit the orc priest.
You kill the orc priest!
Dithmenos accepts your kill.
An orc comes into view. It is wielding a +0 club.
The orc warrior hits you from afar with a +4 halberd!!
Ouch! That really hurt!
You die...

##......##......... ##
#.......##.....##.. ...
#.......##.....##.. ....
#........#.....##..
....####..........<.....
........................
...##...................
........................
o...o.o@....#....######.
..o...)o.........######.
.##....o.........#......
#..............#......
#............. #......
#............. #......
#............ #......
#...........# #......
#......


You could see an orc warrior, an orc priest, an orc wizard and 3 orcs.

Vanquished Creatures
  Grinder (D:6)
  A phantom (D:7)
  A black bear (D:6)
  An ogre (D:4)
  A centaur (D:5)
  A bullfrog (D:6)
  2 scorpions (D:4)
  A howler monkey (D:5)
  4 crimson imps
  2 hounds (D:5)
  A quasit (D:5)
  3 orc priests
  A centaur skeleton (D:7)
  3 iguanas
  4 orc wizards
  6 worker ants
  A statue (D:6)
  6 adders
  An ooze (D:1)
  An adder skeleton (D:4)
  3 worms
  2 dart slugs
  5 leopard geckos
  14 orcs
  A ball python (D:3)
  9 bats
  6 giant cockroaches
  9 hobgoblins
  9 jackals
  9 quokkas
  11 frilled lizards
  8 goblins
  10 kobolds
  A leopard gecko zombie (D:7)
  7 rats
  A spectral orc (D:4)
147 creatures vanquished.

Notes
Turn   | Place    | Note
-------+----------+-------------------------------------------
     0 | D:1      | HAL9000 the Vine Stalker Assassin began the quest for the
                  | Orb.
     0 | D:1      | Reached XP level 1. HP: 11/11 MP: 2/2
    42 | D:1      | Reached skill level 2 in Short Blades
   141 | D:1      | Reached XP level 2. HP: 11/15 MP: 3/3
   627 | D:1      | Reached skill level 3 in Short Blades
   636 | D:1      | Reached XP level 3. HP: 11/18 MP: 2/4
  1194 | D:2      | Found a shadowy altar of Dithmenos.
  1211 | D:2      | Became a worshipper of Dithmenos the Shadowed
  1356 | D:2      | Gained mutation: Your natural rate of healing is unusually
                  | fast. [Vine Stalker growth]
  1356 | D:2      | Reached XP level 4. HP: 21/23 MP: 3/5
  1554 | D:2      | Reached skill level 4 in Short Blades
  2059 | D:3      | Reached * piety under Dithmenos
  2248 | D:3      | Reached XP level 5. HP: 26/26 MP: 6/6
  2605 | D:3      | Found a sparkling altar of Nemelex Xobeh.
  2645 | D:3      | Reached skill level 5 in Short Blades
  2859 | D:4      | Found a staircase to the Ecumenical Temple.
  2869 | Temple   | Entered the Ecumenical Temple
  3203 | D:4      | Reached XP level 6. HP: 23/30 MP: 5/7
  3303 | D:4      | Noticed a phantom
  3351 | D:4      | Reached skill level 6 in Short Blades
  3935 | D:4      | Found a basalt altar of Yredelemnul.
  4253 | D:5      | Entered Level 5 of the Dungeon
  4283 | D:5      | Found a sacrificial altar of Ru.
  4291 | D:5      | Reached XP level 7. HP: 34/34 MP: 8/8
  4350 | D:5      | Reached skill level 7 in Short Blades
  4508 | D:5      | Reached ** piety under Dithmenos
  4992 | D:5      | Reached skill level 8 in Short Blades
  5115 | D:5      | Gained mutation: You have razor-sharp teeth. [Vine Stalker
                  | growth]
  5115 | D:5      | Reached XP level 8. HP: 28/38 MP: 9/9
  5543 | D:6      | Noticed Grinder
  5575 | D:6      | Killed Grinder
  5764 | D:6      | Learned a level 3 spell: Confuse
  5783 | D:6      | Reached skill level 9 in Short Blades
  5887 | D:6      | Found a radiant altar of Vehumet.
  6122 | D:6      | Found a stormy altar of Qazlal.
  6437 | D:7      | Found a shimmering altar of Xom.
  6510 | D:7      | Reached skill level 10 in Short Blades
  6637 | D:7      | Found a glowing silver altar of Zin.
  6637 | D:7      | Noticed an angel
  6697 | D:7      | Slain by an orc warrior

Levels and vault maps discovered:
D:1:      lightli_arrival_statue_moat, layout_rooms
D:2:      layout_basic, nicolae_dithmenos_shadow_blocks
D:3:      layout_loops_ring, lemuel_doored_altar, first_ration
D:4:      layout_layer_cave, yredelemnul_forgotten_temple_becter,
          minmay_temple_entry_drinking_statues, chequers_arboretum
D:5:      layout_basic, nicolae_ru_great_annihilating_truth
D:6:      layout_loops_cross, lemuel_crystal_altar, vehumet_statue,
          minmay_fractal_squares_5, uniq_grinder
D:7:      layout_basic, grunt_temple_overflow_order_and_chaos_1
Temple:   nicolae_temple_hex_pool

Skill      XL: |  1  2  3  4  5  6  7  8 |
---------------+-------------------------+-----
Short Blades   | 2 3 4 5 6 8 10 | 10.2
Fighting       | |  1.7
Throwing       | |  1.7
Dodging        | |  0.7
Stealth        | |  4.8

Action                   |  1- 3 |  4- 6 |  7- 9 || total
-------------------------+-------+-------+-------++-------
Melee: Dagger            |   124 |   210 |   248 ||   582
       Bite              |    34 |    50 |    75 ||   159
Throw: Dart              |       |    16 |     8 ||    24
  Use: Scroll            |       |     1 |     1 ||     2
 Stab: Sleeping          |     6 |    16 |     7 ||    29
       Distracted        |     2 |       |       ||     2
       Paralysed         |       |     1 |       ||     1
  Eat: Chunk             |     1 |     9 |     5 ||    15
       Ration            |       |       |     1 ||     1
Armor: Robe              |    16 |       |       ||    16
       Leather armour    |    25 |    36 |    45 ||   106
Dodge: Dodged            |    60 |    92 |    97 ||   249

Table legend:
 A = Non-vault XP
 B = Vault XP
 C = Vault XP percentage of total XP
 D = Non-vault monster count
 E = Vault monster count
 F = Vault count percentage of total count
                 A         B        C        D         E       F
            +---------+---------+-------+---------+---------+-------
      Total |    1725 |     589 |  25.5 |     135 |      12 |   8.2
            +---------+---------+-------+---------+---------+-------
        D:1 |      54 |       0 |   0.0 |      30 |       0 |   0.0
        D:2 |      88 |       0 |   0.0 |      33 |       0 |   0.0
        D:3 |      89 |       0 |   0.0 |      19 |       0 |   0.0
        D:4 |     455 |       1 |   0.2 |      22 |       1 |   4.3
        D:5 |     504 |      40 |   7.4 |      14 |       4 |  22.2
        D:6 |     258 |     548 |  68.0 |       6 |       7 |  53.8
        D:7 |     277 |       0 |   0.0 |      11 |       0 |   0.0
            +---------+---------+-------+---------+---------+-------
